 Dungeon Crawl Stone Soup version 0.30.0-10-gfe55d96785 (webtiles) character file.

Game seed: 4947832054444945166

30 qw the Shield-Bearer (level 3, 0/23 HPs)
             Began as a Gargoyle Fighter on May 13, 2023.
             Constricted to death by Terence (2 damage)
             ... on level 2 of the Dungeon.
             The game lasted 00:00:35 (1145 turns).

qw the Shield-Bearer (Gargoyle Fighter)             Turns: 1145, Time: 00:00:36

Health: 0/23       AC: 12    Str: 21    XL:     3   Next: 18%
Magic:  3/3        EV:  6    Int:  8    God:
Gold:   81         SH:  5    Dex: 15    Spells: 2/2 levels left

rFire   . . .        Y - +0 war axe
rCold   . . .        c - +0 buckler
rNeg    + . .        b - +0 scale mail
rPois   inf          (no helmet)
rElec   +            k - +1 cloak
rCorr   .            (no gloves)
SInv    .            (no boots)
Will    .....        g - amulet of regeneration Stlth
                     i - +6 ring of dexterity
HPRegen 1.03/turn    (no ring)
MPRegen 0.08/turn

%: no passive effects
@: grasped by roots, constricted
A: sickness immunity, AC +3, negative energy resistance 1, electricity
resistance, torment resistance 1, petrification resistance
a: no special abilities


You were on level 2 of the Dungeon.
You visited 1 branch of the dungeon, and saw 2 of its levels.

You collected 81 gold pieces.


Innate Abilities, Weirdness & Mutations

You are immune to sickness and miasma.
Your stone body is resilient. (AC +3)
You are immune to poison.
You resist negative energy. (rN+)
You are resistant to electric shocks. (rElec)
You are resistant to unholy torment.
You are immune to petrification.


   Skills:
 - Level 3.2 Fighting
 - Level 3.2 Axes
 - Level 3.2 Armour
 + Level 0.0 Dodging
 - Level 3.2 Shields


You had 2 spell levels left.
You didn't know any spells.
Your spell library was empty.

Inventory:

Hand Weapons
 e - a +0 club
 Y - a +0 war axe (weapon)
Armour
 b - a +0 scale mail (worn)
 c - a +0 buckler (worn)
 k - a +1 cloak (worn)
Jewellery
 g - an amulet of regeneration (around neck)
 i - a +6 ring of dexterity (left hand)
Scrolls
 a - a scroll of brand weapon {unknown}
Potions
 d - a potion of might
 f - a potion of lignification
 l - a potion of heal wounds {unknown}
 m - a potion of flight {unknown}

Dungeon Overview and Level Annotations

Branches:
Dungeon (2/15)

Altars:

Annotations:
D:2 Terence


Message History

The grasping roots grab you!
Terence is unaffected.
The grasping roots constrict you.
You barely miss Terence.
Terence is almost dead.
Terence hits you with a +0 mace. The grasping roots constrict you.
Terence hits you with a +0 mace. The grasping roots constrict you.
You closely miss Terence.
Terence is almost dead.
Terence hits you but does no damage. The grasping roots constrict you.
The grasping roots release their grip on you.
You barely miss Terence.
Terence is almost dead.
Terence zaps a wand.
The roots erupt in riotous growth!
The grasping roots grab you!
Terence is unaffected.
The grasping roots constrict you. Terence hits you with a +0 mace.
The grasping roots constrict you.
You barely miss Terence.
Terence is almost dead.
Terence hits you with a +0 mace. The grasping roots constrict you.
You hit Terence.
Terence is almost dead.
Terence hits you but does no damage. The grasping roots constrict you.
The grasping roots release their grip on you.
You closely miss Terence.
Terence is almost dead.
Terence hits you but does no damage. You block Terence's attack.
You barely miss Terence.
Terence is almost dead.
Terence closely misses you.
You closely miss Terence.
Terence is almost dead.
Terence zaps a wand.
The roots erupt in riotous growth!
The grasping roots grab you!
Terence is unaffected.
The grasping roots constrict you. You block Terence's attack.
The grasping roots constrict you.
You barely miss Terence.
Terence is almost dead.
Terence shouts, "ATTACK!!!"
Terence hits you with a +0 mace. The grasping roots constrict you.
You die...

##
#.###.......#
#. ##.#
#.......# #.#
##..#
#.......# #..
###...#
#.......#
##.###...#.#
###'#####
#..........#
#.#
###....##..#
#)#
....#......#
#.#
.>#.#.####.#
#@# #.#.#.#
#.#)..@.# #
#.#.#
.###.###
#.#.#.# .# #.
#.#.#.# #
#.#.#.# #.#.#
#.#.# #.#.#


You could see Terence.

Vanquished Creatures
  A dart slug (D:1)
  4 ball pythons (D:1)
  6 bats (D:1)
  2 endoplasms
  A giant cockroach (D:1)
  4 hobgoblins (D:1)
  3 frilled lizards (D:1)
  2 goblins (D:1)
  A kobold (D:1)
  2 rats (D:1)
26 creatures vanquished.

Notes
Turn   | Place    | Note
-------+----------+-------------------------------------------
     0 | D:1      | qw the Gargoyle Fighter began the quest for the Orb.
     0 | D:1      | Reached XP level 1. HP: 14/14 MP: 1/1
     0 | D:1      | 0 ||| qw: Version: 0.2-a-92-gb77fa06
     0 | D:1      | 0 ||| qw: Game counter: 8
     0 | D:1      | 0 ||| qw: Always use a shield: true
     0 | D:1      | 0 ||| qw: God list: Okawaru
     0 | D:1      | 0 ||| qw: Allow faded altars: false
     0 | D:1      | 0 ||| qw: Do Orc after D:15 true
     0 | D:1      | 0 ||| qw: Do second Lair branch before Depths: true
     0 | D:1      | 0 ||| qw: Lair rune preference: random
     0 | D:1      | 0 ||| qw: Plans: Normal, Zot:1-4, God:TSO, Crypt, Tomb,
                  | Pan, Slime:5, Hells, Abyss, Win
     0 | D:1      | 0 ||| PLANNING D:1-11
   162 | D:1      | Reached XP level 2. HP: 19/19 MP: 2/2
   427 | D:1      | Reached skill level 3 in Axes
   513 | D:1      | Reached XP level 3. HP: 23/23 MP: 3/3
   951 | D:1      | 951 ||| UPGRADING to +1 cloak.
   972 | D:1      | 972 ||| UPGRADING to amulet of regeneration.
   978 | D:1      | 978 ||| UPGRADING to +6 ring of dexterity.
   979 | D:1      | 979 ||| READING scroll labelled RECEKK AMAYLUJ.
   980 | D:1      | 980 ||| READING scroll labelled GOISHI CIGENG.
   981 | D:1      | 981 ||| DRINKING 2 glowing emerald potions.
  1125 | D:2      | Noticed Terence
  1139 | D:2      | HP: 5/23 [constriction (1)]
  1144 | D:2      | HP: 4/23 [constriction (3)]
  1145 | D:2      | Constricted to death by Terence

Levels and vault maps discovered:
D:1:      lightli_molten_gateway, layout_basic
D:2:      layout_basic, uniq_terence

Skill      XL: |  1  2 |
---------------+-------+-----
Axes           | 2 3 |  3.2
Fighting       | |  3.2
Armour         | |  3.2
Shields        | |  3.2

Action                     || total
---------------------------++-------
  Melee: War axe           ||    92
    Use: Scroll            ||     2
         Potion            ||     1
 Armour: Scale mail        ||    55
  Dodge: Dodged            ||    38
  Block: Buckler           ||    24

Table legend:
 A = Non-vault XP
 B = Vault XP
 C = Vault XP percentage of total XP
 D = Non-vault monster count
 E = Vault monster count
 F = Vault count percentage of total count
                 A         B        C        D         E       F
            +---------+---------+-------+---------+---------+-------
      Total |      43 |       0 |   0.0 |      26 |       0 |   0.0
            +---------+---------+-------+---------+---------+-------
        D:1 |      41 |       0 |   0.0 |      25 |       0 |   0.0
        D:2 |       2 |       0 |   0.0 |       1 |       0 |   0.0
            +---------+---------+-------+---------+---------+-------
